MID
LANSING LUGNUTS @ GREENVILLE DRIVE
05/14/2048
 
TOP OF THE 1ST
Lansing Lugnuts batting - Pitching for Greenville Drive : RHP Su-wu Yang
Pitching: RHP Su-wu Yang
Batting: LHB Timo Gomez 0-0: Swinging Strike
0-1: Ball
1-1: Ball
2-1: Ball
3-1: Base on Balls
Batting: LHB Frank Nelson 0-0: Called Strike
0-1: Fly out, F9 (Flyball, 89M, EV 93.8 MPH)
Batting: RHB Raul de la Cruz 0-0: Ball
Timo Gomez is caught stealing 2nd base 2-4
1-0: Ball
2-0: Called Strike
2-1: Foul Ball, location: 2F
2-2: Ball
3-2: SOLO HOME RUN (Flyball, 78XD, EV 108.8 MPH), Distance : 437 ft
Batting: RHB John Michener 0-0: Fly out, F9 (Line Drive, 9, EV 93.1 MPH)
Top of the 1st over - 1 run, 1 hit, 0 errors, 0 left on base; Lansing 1 - Greenville 0
BOTTOM OF THE 1ST
Greenville Drive batting - Pitching for Lansing Lugnuts : RHP Josh Weinmann
Pitching: RHP Josh Weinmann
Batting: RHB Tony Nunez 0-0: Fly out, F3 (Popup, 34, EV 64.4 MPH)
Batting: SHB Robert Soto 0-0: Ball
1-0: Foul Ball, location: 2F
1-1: Ball
2-1: Ball
3-1: Called Strike
3-2: Ground out 5-3 (Groundball, 56S, EV 77.5 MPH)
Batting: LHB Carlos Guerra 0-0: Ball
1-0: Ball
2-0: Ball
3-0: Called Strike
3-1: Foul Ball, location: 2F
3-2: Fly out, F7 (Line Drive, 7, EV 98.1 MPH)
Bottom of the 1st over - 0 runs, 0 hits, 0 errors, 0 left on base; Lansing 1 - Greenville 0
TOP OF THE 2ND
Lansing Lugnuts batting - Pitching for Greenville Drive : RHP Su-wu Yang
Batting: RHB John Hering 0-0: Ball
1-0: Ball
2-0: Ball
3-0: Called Strike
3-1: Ground out 6-3 (Groundball, 6MS, EV 86.9 MPH)
Batting: RHB Dylan Phillips 0-0: Ball
1-0: Called Strike
1-1: Fly out, F9 (Flyball, 89M, EV 97.5 MPH)
Batting: LHB Roger Escareno 0-0: Foul Ball, location: 2F
0-1: Ground out 4-3 (Groundball, 4S, EV 86.2 MPH)
Top of the 2nd over - 0 runs, 0 hits, 0 errors, 0 left on base; Lansing 1 - Greenville 0
BOTTOM OF THE 2ND
Greenville Drive batting - Pitching for Lansing Lugnuts : RHP Josh Weinmann
Batting: RHB Jim Hubbard 0-0: Called Strike
0-1: Foul Ball, location: 2F
0-2: Strikes out looking
Batting: LHB Eddie Contreras 0-0: Ball
1-0: Ball
2-0: Foul Ball, location: 2F
2-1: Ball
3-1: Base on Balls
Batting: RHB Alex Cardenas 0-0: SINGLE (Groundball, 6D, EV 110.0 MPH)
Eddie Contreras to second
Batting: RHB Bobby Schimke 0-0: Called Strike
0-1: Ball
1-1: Ball
2-1: Foul Ball, location: 2F
2-2: Ball
3-2: Foul Ball, location: 2F
3-2: Foul Ball, location: 2F
3-2: Fielders Choice at 2nd, 5-4 (Groundball, 56, EV 96.2 MPH)
Eddie Contreras to third
Batting: LHB Kevin Rolison 0-0: Fielders Choice at 2nd, 5-4 (Groundball, 56, EV 76.9 MPH)
Bottom of the 2nd over - 0 runs, 1 hit, 0 errors, 2 left on base; Lansing 1 - Greenville 0
TOP OF THE 3RD
Lansing Lugnuts batting - Pitching for Greenville Drive : RHP Su-wu Yang
Batting: RHB Jose Ontiveros 0-0: Ball
1-0: Foul Ball, location: 2F
1-1: Foul Ball, location: 2F
1-2: Foul Ball, location: 2F
1-2: Strikes out swinging
Batting: RHB Shunsuke Shiba Inu 0-0: Ball
1-0: Foul Ball, location: 2F
1-1: Foul Ball, location: 2F
1-2: Foul Ball, location: 2F
1-2: Ball
2-2: Strikes out looking
Batting: LHB Timo Gomez 0-0: Ball
1-0: Ball
2-0: Ball
3-0: Called Strike
3-1: DOUBLE (Flyball, 89D, EV 101.9 MPH)
Batting: LHB Frank Nelson 0-0: Called Strike
0-1: Ball
1-1: Called Strike
1-2: Strikes out swinging
Top of the 3rd over - 0 runs, 1 hit, 0 errors, 1 left on base; Lansing 1 - Greenville 0
BOTTOM OF THE 3RD
Greenville Drive batting - Pitching for Lansing Lugnuts : RHP Josh Weinmann
Batting: RHB Roger Mitchell 0-0: SINGLE (Line Drive, 78S, EV 93.8 MPH)
Batting: RHB Tony Nunez 0-0: SINGLE (Line Drive, 6MD, EV 93.8 MPH)
Roger Mitchell to second
Runner from 2nd tries for 3rd, SAFE, no throw by CF
Batting: SHB Robert Soto 0-0: Foul Ball, location: 2F
0-1: Swinging Strike
0-2: Strikes out looking
Batting: LHB Carlos Guerra 0-0: Ball
1-0: Foul Ball, location: 2F
1-1: Called Strike
1-2: Foul Ball, location: 2F
1-2: Ball
2-2: Strikes out looking
Batting: RHB Jim Hubbard 0-0: Ball
1-0: Swinging Strike
1-1: Foul Ball, location: 2F
1-2: Ball
2-2: Foul Ball, location: 2F
2-2: Ball
3-2: Base on Balls
Tony Nunez to second
Batting: LHB Eddie Contreras 0-0: Called Strike
0-1: Ball
1-1: Fly out, F7 (Flyball, 78M, EV 86.9 MPH)
Bottom of the 3rd over - 0 runs, 2 hits, 0 errors, 3 left on base; Lansing 1 - Greenville 0
TOP OF THE 4TH
Lansing Lugnuts batting - Pitching for Greenville Drive : RHP Su-wu Yang
Batting: RHB Raul de la Cruz 0-0: Swinging Strike
0-1: Ball
1-1: Foul Ball, location: 2F
1-2: Ball
2-2: Fly out, F8 (Line Drive, 8RD, EV 89.4 MPH)
Batting: RHB John Michener 0-0: Foul Ball, location: 2F
0-1: Swinging Strike
0-2: SOLO HOME RUN (Flyball, 78XD, EV 101.2 MPH), Distance : 398 ft
Batting: RHB John Hering 0-0: Ball
1-0: Called Strike
1-1: Ball
2-1: Called Strike
2-2: Ball
3-2: Strikes out swinging
Batting: RHB Dylan Phillips 0-0: Called Strike
0-1: Swinging Strike
0-2: Foul Ball, location: 2F
0-2: Ball
1-2: SINGLE (Groundball, 56D, EV 94.4 MPH)
Batting: LHB Roger Escareno 0-0: Called Strike
0-1: Ball
1-1: Foul Ball, location: 2F
1-2: DOUBLE (Line Drive, 89M, EV 101.2 MPH)
Dylan Phillips to third
Runner from 3rd tries for Home, SAFE, no throw by CF
Batting: RHB Jose Ontiveros 0-0: Ball
1-0: Ball
2-0: Called Strike
2-1: Ground out U3 (Groundball, 3S, EV 66.2 MPH)
Top of the 4th over - 2 runs, 3 hits, 0 errors, 1 left on base; Lansing 3 - Greenville 0
BOTTOM OF THE 4TH
Greenville Drive batting - Pitching for Lansing Lugnuts : RHP Josh Weinmann
Batting: RHB Alex Cardenas 0-0: Ground out 6-3 (Groundball, 6, EV 92.5 MPH)
Batting: RHB Bobby Schimke 0-0: Foul Ball, location: 2F
0-1: Swinging Strike
0-2: Ball
1-2: Ball
2-2: Strikes out looking
Batting: LHB Kevin Rolison 0-0: Ball
1-0: Swinging Strike
1-1: SINGLE (Groundball, 56D, EV 100.6 MPH)
Batting: RHB Roger Mitchell 0-0: Called Strike
0-1: Fielders Choice at 2nd, 6-4 (Groundball, 6, EV 88.1 MPH)
Bottom of the 4th over - 0 runs, 1 hit, 0 errors, 1 left on base; Lansing 3 - Greenville 0
TOP OF THE 5TH
Lansing Lugnuts batting - Pitching for Greenville Drive : RHP Su-wu Yang
Batting: RHB Shunsuke Shiba Inu 0-0: Foul Ball, location: 2F
0-1: Ball
1-1: Ball
2-1: Ball
3-1: Foul Ball, location: 2F
3-2: Base on Balls
Batting: LHB Timo Gomez 0-0: Called Strike
0-1: Foul Ball, location: 2F
0-2: Foul Ball, location: 2F
0-2: Ball
1-2: Foul Ball, location: 2F
1-2: Strikes out swinging
Batting: LHB Frank Nelson 0-0: Called Strike
0-1: Called Strike
0-2: Strikes out looking
Shunsuke Shiba Inu is caught stealing 2nd base 2-6
Batter strikes out.
Top of the 5th over - 0 runs, 0 hits, 0 errors, 0 left on base; Lansing 3 - Greenville 0
BOTTOM OF THE 5TH
Greenville Drive batting - Pitching for Lansing Lugnuts : RHP Josh Weinmann
Batting: RHB Tony Nunez 0-0: Ground out 6-3 (Groundball, 6, EV 85.6 MPH)
Batting: SHB Robert Soto 0-0: SINGLE (Groundball, 4MD, EV 100.6 MPH)
Batting: LHB Carlos Guerra 0-0: Ball
1-0: Ball
2-0: Ball
3-0: Called Strike
3-1: Fielders Choice at 2nd, 4-6 (Groundball, 4, EV 80.6 MPH)
Batting: RHB Jim Hubbard 0-0: Ball
Carlos Guerra is caught stealing 2nd base 2-4
Bottom of the 5th over - 0 runs, 1 hit, 0 errors, 0 left on base; Lansing 3 - Greenville 0
TOP OF THE 6TH
Lansing Lugnuts batting - Pitching for Greenville Drive : RHP Su-wu Yang
Batting: RHB Raul de la Cruz 0-0: Foul Ball, location: 2F
0-1: Foul Ball, location: 2F
0-2: Ground out 6-3 (Groundball, 6, EV 89.4 MPH)
Batting: RHB John Michener 0-0: SINGLE (Groundball, 6D, EV 100.6 MPH)
Batting: RHB John Hering 0-0: Ball
John Michener steals 2nd base
1-0: Called Strike
1-1: Foul Ball, location: 2F
1-2: Strikes out swinging
Batting: RHB Dylan Phillips 0-0: Ball
1-0: SINGLE (Line Drive, 78M, EV 91.9 MPH)
John Michener to third
Runner from 3rd tries for Home, SAFE, throw by LF to home
Batting: LHB Roger Escareno 0-0: Ball
Dylan Phillips steals 2nd base (no throw)
1-0: Ball
2-0: Called Strike
2-1: Fly out, F9 (Line Drive, 89M, EV 97.5 MPH)
Top of the 6th over - 1 run, 2 hits, 0 errors, 1 left on base; Lansing 4 - Greenville 0
BOTTOM OF THE 6TH
Greenville Drive batting - Pitching for Lansing Lugnuts : RHP Josh Weinmann
Batting: RHB Jim Hubbard 0-0: SINGLE (Groundball, 6MS, EV 66.2 MPH) (infield hit)
Batting: LHB Eddie Contreras 0-0: Ball
1-0: Grounds into double play, 4-6-3 (Groundball, 4, EV 107.5 MPH)
Batting: RHB Alex Cardenas 0-0: Called Strike
0-1: Ball
1-1: Foul Ball, location: 2F
1-2: Strikes out swinging
Bottom of the 6th over - 0 runs, 1 hit, 0 errors, 0 left on base; Lansing 4 - Greenville 0
TOP OF THE 7TH
Lansing Lugnuts batting - Pitching for Greenville Drive : RHP Su-wu Yang
Pitching: RHP Jon Olivo
Batting: RHB Jose Ontiveros 0-0: Foul Ball, location: 2F
0-1: Ball
1-1: Foul Ball, location: 2F
1-2: Ball
2-2: Strikes out swinging
Batting: RHB Shunsuke Shiba Inu 0-0: Ball
1-0: Ball
2-0: SINGLE (Groundball, 56D, EV 107.5 MPH)
Batting: LHB Timo Gomez 0-0: Ball
Shunsuke Shiba Inu steals 2nd base
1-0: Called Strike
1-1: DOUBLE (Groundball, 5L, EV 104.4 MPH)
Shunsuke Shiba Inu scores
Batting: LHB Frank Nelson 0-0: Called Strike
0-1: Ball
1-1: Called Strike
1-2: Foul Ball, location: 2F
1-2: Foul Ball, location: 2F
1-2: Ball
2-2: Ball
3-2: SINGLE (Groundball, 6MD, EV 94.4 MPH)
Timo Gomez to third
Runner from 3rd tries for Home, SAFE, throw by CF to home
Batting: RHB Raul de la Cruz 0-0: Foul Ball, location: 2F
0-1: Swinging Strike
0-2: Strikes out swinging
Batting: RHB John Michener 0-0: Called Strike
Frank Nelson is caught stealing 2nd base 2-4
Top of the 7th over - 2 runs, 3 hits, 0 errors, 0 left on base; Lansing 6 - Greenville 0
BOTTOM OF THE 7TH
Greenville Drive batting - Pitching for Lansing Lugnuts : RHP Josh Weinmann
Now at 2B: Tristan Dennis
Now at SS: Dylan Phillips
Now in RF: Julio Canseco
Batting: RHB Bobby Schimke 0-0: SINGLE (Groundball, 5D, EV 97.5 MPH)
Batting: LHB Kevin Rolison 0-0: Ball
1-0: Foul Ball, location: 2F
1-1: Ball
2-1: Swinging Strike
2-2: Ball
3-2: Base on Balls
Bobby Schimke to second
Batting: RHB Roger Mitchell 0-0: Called Strike
0-1: Called Strike
0-2: Strikes out swinging
Batting: RHB Tony Nunez 0-0: Swinging Strike
0-1: SINGLE (Line Drive, 78S, EV 99.4 MPH)
Bobby Schimke to third
Kevin Rolison to second
Batting: SHB Robert Soto 0-0: Called Strike
0-1: Ball
1-1: Called Strike
1-2: Strikes out swinging
Batting: LHB Carlos Guerra 0-0: Ball
1-0: Foul Ball, location: 2F
1-1: Fielders Choice at 2nd, 5-4 (Groundball, 56, EV 81.2 MPH)
Bottom of the 7th over - 0 runs, 2 hits, 0 errors, 3 left on base; Lansing 6 - Greenville 0
TOP OF THE 8TH
Lansing Lugnuts batting - Pitching for Greenville Drive : RHP Jon Olivo
Batting: RHB John Michener 0-0: Ball
1-0: Ground out 4-3 (Groundball, 4MS, EV 71.9 MPH)
Batting: RHB John Hering 0-0: Ball
1-0: Swinging Strike
1-1: Foul Ball, location: 2F
1-2: Strikes out looking
Batting: RHB Dylan Phillips 0-0: Swinging Strike
0-1: Ball
1-1: Swinging Strike
1-2: Ball
2-2: Ball
3-2: Strikes out swinging
Top of the 8th over - 0 runs, 0 hits, 0 errors, 0 left on base; Lansing 6 - Greenville 0
BOTTOM OF THE 8TH
Greenville Drive batting - Pitching for Lansing Lugnuts : RHP Josh Weinmann
Batting: RHB Jim Hubbard 0-0: Foul Ball, location: 2F
0-1: Foul Ball, location: 2F
0-2: Ball
1-2: Foul Ball, location: 2F
1-2: Ball
2-2: Ground out 4-3 (Groundball, 4, EV 85.0 MPH)
Batting: LHB Eddie Contreras 0-0: Ground out 4-3 (Groundball, 34D, EV 105.0 MPH)
Batting: RHB Alex Cardenas 0-0: Called Strike
0-1: Called Strike
0-2: Fly out, F8 (Line Drive, 8LM, EV 104.4 MPH)
Bottom of the 8th over - 0 runs, 0 hits, 0 errors, 0 left on base; Lansing 6 - Greenville 0
TOP OF THE 9TH
Lansing Lugnuts batting - Pitching for Greenville Drive : RHP Jon Olivo
Batting: LHB Roger Escareno 0-0: Ball
1-0: Ball
2-0: Ball
3-0: Base on Balls
Batting: RHB Jose Ontiveros 0-0: Foul Ball, location: 2F
0-1: Ground out 2-3 (Groundball, 15S, EV 70.0 MPH)
Roger Escareno to second
Batting: RHB Tristan Dennis 0-0: Called Strike
0-1: Foul Ball, location: 2F
0-2: Ball
1-2: Ball
2-2: Ball
3-2: Foul Ball, location: 2F
3-2: Ground out 6-3 (Groundball, 6, EV 103.1 MPH)
Batting: LHB Timo Gomez 0-0: Called Strike
0-1: Foul Ball, location: 2F
0-2: Ball
1-2: Ball
2-2: Ball
3-2: Foul Ball, location: 2F
3-2: Foul Ball, location: 2F
3-2: Strikes out swinging
Top of the 9th over - 0 runs, 0 hits, 0 errors, 1 left on base; Lansing 6 - Greenville 0
BOTTOM OF THE 9TH
Greenville Drive batting - Pitching for Lansing Lugnuts : RHP Josh Weinmann
Pitching: LHP Mike Oakes
Now at 2B: Dylan Phillips
Now at SS: Jamie Ogilvie
Batting: RHB Bobby Schimke 0-0: Ball
1-0: Foul Ball, location: 2F
1-1: Foul Ball, location: 2F
1-2: Ball
2-2: Ground out 5-3 (Groundball, 56S, EV 90.6 MPH)
Batting: LHB Kevin Rolison 0-0: Ball
1-0: Ground out U3 (Groundball, 3, EV 85.0 MPH)
Batting: RHB Roger Mitchell 0-0: Ball
1-0: Foul Ball, location: 2F
1-1: Ball
2-1: Foul Ball, location: 2F
2-2: Hit by Pitch
Batting: RHB Tony Nunez 0-0: Ball
1-0: Ball
Wild Pitch!
Roger Mitchell to second
2-0: Called Strike
2-1: Ball
3-1: Fly out, F8 (Flyball, 8LD, EV 103.8 MPH)
Bottom of the 9th over - 0 runs, 0 hits, 0 errors, 1 left on base; Lansing 6 - Greenville 0
Tuesday, March 28th , 2023 - OOTP Baseball 23.10 Build 110